 Dungeon Crawl Stone Soup version 0.22-a0-247-gbddf880 (webtiles) character file.

1946 galech the Ducker (level 8, -8/83 HPs)
             Began as a Troll Monk on Feb 24, 2018.
             Was a Believer of Okawaru.
             Mangled by an orc warrior
             ... wielding a +0 war axe
              (13 damage)
             ... on level 6 of the Dungeon.
             The game lasted 00:11:13 (4654 turns).

galech the Ducker (Troll Monk)                      Turns: 4654, Time: 00:11:14

Health: -8/83      AC:  9    Str: 30    XL:     8   Next: 98%
Magic:  6/7        EV: 19    Int:  6    God:    Okawaru [**....]
Gold:   324        SH:  0    Dex:  7    Spells: 7/7 levels left

rFire    . . .     SeeInvis .   s - +1 mace "Buriraywn" {flame, *Slow rPois Str+8 Dex-5} (curse)
rCold    . . .     Gourm    +   (no shield)
rNeg     . . .     Faith    .   a - +0 robe
rPois    +         Spirit   .   (helmet restricted)
rElec    .         Reflect  .   l - +1 cloak
rCorr    .         Harm     .   (gloves unavailable)
MR       .....                  (boots unavailable)
Stlth    +.........             (no amulet)
HPRegen  0.63/turn              o - ring of Phasing {EV+8}
MPRegen  0.10/turn              (no ring)

@: no status effects
A: large, unfitting armour, claws 3, icy blue scales 1, fast metabolism 3,
gourmand, regeneration 1, shaggy fur 1, tough skin 2
a: Heroism, Renounce Religion


You were on level 6 of the Dungeon.
You worshipped Okawaru.
Okawaru was pleased with you.
You were completely stuffed.

You visited 1 branch of the dungeon, and saw 6 of its levels.

You collected 324 gold pieces.

Inventory:

Hand Weapons
 s - the cursed +1 mace "Buriraywn" (weapon) {flame, *Slow rPois Str+8 Dex-5}
   (You took it off an orc on level 4 of the Dungeon)

   It has been specially enchanted to burn those struck by it, causing extra
   injury to most foes and up to half again as much damage against particularly
   susceptible opponents.
   It affects your strength (+8).
   It affects your dexterity (-5).
   It protects you from poison.
   It may slow you when you take damage.
   It has a curse placed upon it.
 z - a +0 dire flail of crushing
Armour
 a - a +0 robe (worn)
 f - a scarf of repulsion
 l - a +1 cloak (worn)
Jewellery
 o - the ring of Phasing (left claw) {EV+8}
   (You found it on level 5 of the Dungeon)

   [ring of evasion]

   It affects your evasion (+8).
Wands
 x - a wand of enslavement (8)
Scrolls
 c - a scroll of magic mapping
 d - 2 scrolls of identify
 h - 4 scrolls of remove curse
 j - 4 scrolls of enchant weapon
 p - 3 scrolls of amnesia
 r - 2 scrolls of immolation {unknown}
 t - a scroll of teleportation {unknown}
 w - a scroll of summoning {unknown}
 y - a scroll of enchant armour
Potions
 e - 3 potions of might {unknown}
 g - a potion of flight {unknown}
 i - 5 potions of curing
 k - 2 potions of resistance {unknown}
 m - 4 potions of agility {unknown}
 n - 3 potions of brilliance {unknown}
 q - a potion of haste {unknown}
 u - a potion of magic {unknown}
 A - a potion of berserk rage {unknown}
Comestibles
 b - 13 rations
 v - 6 chunks of flesh


   Skills:
 + Level 6.0 Fighting
 + Level 4.9 Maces & Flails
 + Level 6.1 Dodging
 - Level 1.2 Stealth
 - Level 4.8 Unarmed Combat


You had 7 spell levels left.
You didn't know any spells.

Dungeon Overview and Level Annotations

Branches:
Dungeon (6/15)             Temple (0/1) D:6

Altars:
Ashenzari
Dithmenos
Kikubaaqudgha
Okawaru
Qazlal
Trog
Xom
Yredelemnul


Innate Abilities, Weirdness & Mutations

You are too large for most types of armour.
You have claws for hands.
Your metabolism is lightning-fast.
You like to eat raw meat.
Your natural rate of healing is unusually fast.
You are covered in fur. (AC +1)
You have very tough skin. (AC +2)
You are partially covered in icy blue scales. (AC +2)


Message History

You hit the orc warrior. You burn the orc warrior.
The orc warrior is moderately wounded.
The orc priest casts a cantrip, but nothing happens.
The orc warrior hits you but does no damage.
You hit the orc warrior but do no damage.
The orc warrior is moderately wounded.
You feel like a meek peon again.
The orc priest invokes the aid of Beogh against you.
Beogh smites you!
* * * LOW HITPOINT WARNING * * *
You hit the orc warrior but do no damage.
The orc warrior is moderately wounded.
The orc warrior misses you.
You thump the orc warrior! You burn the orc warrior.
The orc warrior is severely wounded.
The orc warrior closely misses you.
You barely miss the orc warrior.
The orc warrior is severely wounded.
The orc warrior hits you with a war axe!
You die...

......#
#.....##.#......(....#
......#
#.....#..............#
......#
#.....#(###..........#
####### #.....#.#
#..........# #.....#.#
#..........# #.....#.#
#..........# #.....#.#
#..........# #.....#.#
#..........# #...S(#@#
############ ####.##o#
######o..o####
.........(...#
######.####### #.# #.#
#.# #.#


You could see an orc warrior and an orc priest.

Vanquished Creatures
  Grinder (D:6)
  Sigmund (D:6)
  Menkaure (D:6)
  A water moccasin (D:6)
  A sky beast (D:6)
  A hornet zombie (D:5)
  A phantom (D:5)
  2 ogres (D:6)
  2 centaurs (D:5)
  The ghost of Amnesiac the Charlatan, an amateur DEAr (D:4)
  A bullfrog (D:6)
  A scorpion (D:6)
  3 howler monkeys
  2 crimson imps (D:5)
  An orc wizard (D:6)
  A hound (D:5)
  A bullfrog skeleton (D:5)
  3 iguanas
  2 worker ants
  A howler monkey skeleton (D:5)
  Robin (D:3)
  A gnoll (D:6)
  5 adders
  An adder skeleton (D:6)
  3 worms
  2 dart slugs (D:1)
  7 leopard geckos
  7 orcs
  2 ball pythons
  7 bats
  A bat zombie (D:1)
  6 giant cockroaches
  14 goblins
  12 hobgoblins
  16 jackals
  5 quokkas
  A ball python zombie (D:1)
  3 frilled lizards
  A giant cockroach zombie (D:5)
  13 kobolds
  4 rats
  A fungus (D:1)
141 creatures vanquished.

Vanquished Creatures (others)
  2 fungi (D:1)
2 creatures vanquished.

Grand Total: 143 creatures vanquished

Notes
Turn   | Place    | Note
-------+----------+-------------------------------------------
     0 | D:1      | galech the Troll Monk began the quest for the Orb.
     0 | D:1      | Reached XP level 1. HP: 22/22 MP: 0/0
   154 | D:1      | Reached XP level 2. HP: 26/29 MP: 1/1
   952 | D:2      | Reached XP level 3. HP: 21/36 MP: 2/2
  1127 | D:2      | Reached XP level 4. HP: 44/44 MP: 3/3
  1266 | D:2      | Gained mutation: You are clumsy. (Dex -2) [potion of mutation]
  1266 | D:2      | Lost mutation: You are clumsy. (Dex -2) [potion of mutation]
  1266 | D:2      | Gained mutation: You are partially covered in icy blue scales. (AC +2) [potion of mutation]
  1370 | D:2      | Found a shadowy altar of Dithmenos.
  2032 | D:3      | Found a faded altar of an unknown god.
  2157 | D:3      | Noticed Robin
  2165 | D:3      | Reached XP level 5. HP: 53/53 MP: 4/4
  2168 | D:3      | Killed Robin
  2211 | D:3      | Found a shattered altar of Ashenzari.
  2688 | D:4      | Found a shimmering altar of Xom.
  2688 | D:4      | Found a shimmering altar of Xom.
  2688 | D:4      | Found a shimmering altar of Xom.
  2689 | D:4      | Found a shimmering altar of Xom.
  2690 | D:4      | Found a shimmering altar of Xom.
  2712 | D:4      | Found a shimmering altar of Xom.
  2712 | D:4      | Found a shimmering altar of Xom.
  2752 | D:4      | Noticed Amnesiac's ghost (amateur DEAr)
  2770 | D:4      | Killed Amnesiac's ghost
  2770 | D:4      | Reached XP level 6. HP: 42/61 MP: 5/5
  3278 | D:4      | Got a twisted mace {flame}
  3279 | D:4      | Identified the cursed +1 mace "Buriraywn" {flame, *Slow rPois Str+8 Dex-5} (You took it off an orc on level 4 of the Dungeon)
  3469 | D:5      | Entered Level 5 of the Dungeon
  3480 | D:5      | Found the ring of Phasing {EV+8}
  3625 | D:5      | Reached skill level 1 in Maces & Flails
  3688 | D:5      | Found a bloodstained altar of Trog.
  3747 | D:5      | Reached XP level 7. HP: 70/70 MP: 6/6
  3799 | D:5      | Found an ancient bone altar of Kikubaaqudgha.
  4085 | D:5      | Found a stormy altar of Qazlal.
  4085 | D:5      | Found a basalt altar of Yredelemnul.
  4252 | D:6      | Reached skill level 5 in Fighting
  4252 | D:6      | Reached skill level 5 in Dodging
  4252 | D:6      | Reached XP level 8. HP: 80/80 MP: 7/7
  4259 | D:6      | Noticed Menkaure
  4262 | D:6      | Killed Menkaure
  4264 | D:6      | Found an iron altar of Okawaru.
  4285 | D:6      | Became a worshipper of Warmaster Okawaru
  4285 | D:6      | Reached * piety under Okawaru
  4285 | D:6      | Reached ** piety under Okawaru
  4343 | D:6      | Noticed Grinder
  4353 | D:6      | Paralysed by Grinder for 3 turns
  4361 | D:6      | Paralysed by Grinder for 7 turns
  4369 | D:6      | Killed Grinder
  4430 | D:6      | Found a staircase to the Ecumenical Temple.
  4509 | D:6      | Noticed Sigmund
  4532 | D:6      | Killed Sigmund
  4651 | D:6      | HP: 3/83 [orc priest/divine providence (11)]
  4654 | D:6      | Mangled by an orc warrior

Vault maps used:
D:1:      saegor_arrival_fortress, minmay_gold_behind_fungi,
          minmay_misc_feat_diagonals
D:2:      marbit_many_paths, serial_bayou, serial_bayou_shore_a,
          serial_bayou_ford_a, serial_bayou_pond_d, serial_bayou_pond_e,
          due_unseen_surprise
D:3:      evilmike_ruin_ashenzari, chequers_ecumenical_altar_simple_redux,
          minmay_box_of_dots, uniq_robin
D:4:      nicolae_xom_altar_mimics
D:5:      kiku_gazebo_garden_becter, gammafunk_temple_overflow_wave,
          first_ration, trog_hazing_becter
D:6:      okawaru_altar_gauntlet_db, nicolae_overflow_crystal_walls,
          temple_green, uniq_menkaure, uniq_grinder, uniq_sigmund

Skill      XL: |  1  2  3  4  5  6  7  8 |
---------------+-------------------------+-----
Dodging        | 3 4 5 6 |  6.1
Fighting       | 3 4 5 6 |  6.0
Unarmed Combat | 4 |  4.8
Maces & Flails | 1 3 4 |  4.9
Stealth        | |  1.2

Action                   |  1- 3 |  4- 6 |  7- 9 || total
-------------------------+-------+-------+-------++-------
Melee: Unarmed           |    98 |   161 |       ||   259
       Punch             |     2 |     5 |     3 ||    10
       Mace              |       |    68 |   167 ||   235
Invok: Heroism           |       |       |     2 ||     2
  Use: Scroll            |       |     8 |       ||     8
       Potion            |       |     1 |       ||     1
 Stab: Sleeping          |     2 |     2 |       ||     4
  Eat: Chunk             |    16 |    22 |    11 ||    49
Armor: Robe              |    34 |    94 |    51 ||   179
Dodge: Dodged            |    40 |   157 |   177 ||   374

Table legend:
 A = Spawn XP
 B = Non-spawn XP
 C = Spawn XP percentage of total XP
 D = Spawn monster count
 E = Non-spawn monster count
 F = Spawn count percentage of total count
 G = Total turns spent on level
                    A         B        C        D         E        F      G
               +---------+---------+-------+---------+---------+-------+---------
         Total |       0 |    2780 |   0.0 |       0 |     140 |   0.0 |  4654
               +---------+---------+-------+---------+---------+-------+---------
           D:1 |       0 |      35 |   0.0 |       0 |      18 |   0.0 |   939
           D:2 |       0 |     121 |   0.0 |       0 |      36 |   0.0 |   998
           D:3 |       0 |      82 |   0.0 |       0 |      24 |   0.0 |   639
           D:4 |       0 |     207 |   0.0 |       0 |       9 |   0.0 |   943
           D:5 |       0 |     794 |   0.0 |       0 |      30 |   0.0 |   618
           D:6 |       0 |    1541 |   0.0 |       0 |      23 |   0.0 |   517
               +---------+---------+-------+---------+---------+-------+---------
